 Dungeon Crawl Stone Soup version 0.19-a0-1714-gcab94ab (webtiles) character file.

43288 kae the Fencer (level 14, -12/111 HPs)
             Began as a Formicid Fighter on Sept 28, 2016.
             Was a Believer of Qazlal.
             Mangled by an enormous slime creature (71 damage)
             ... on level 12 of the Dungeon.
             The game lasted 00:39:14 (24644 turns).

kae the Fencer (Formicid Fighter)                  Turns: 24644, Time: 00:39:15

Health: -12/111    AC: 25    Str: 33    XL:     14   Next: 59%
Magic:  20/20      EV: 12    Int:  9    God:    Qazlal [**....]
Gold:   960        SH: 15    Dex: 17    Spells: 0 memorised, 13 levels left

rFire  . . .     SeeInvis +     E - +8 great sword "Naummich" {slice, rC+ Str+4}
rCold  + . .     Gourm    .     V - +8 chain mail "Yjeank" {Str+4}
rNeg   . . .     Faith    .     c - +0 shield
rPois  .         Spirit   .     (helmet unavailable)
rElec  .         Dismiss  .     N - +2 cloak
rCorr  .         Reflect  .     r - +0 pair of gloves
MR     +....     Harm     .     (no boots)
Stlth  ..........               (no amulet)
                                D - +2 ring of slaying
                                U - +5 ring of dexterity

@: no status effects
A: permanent stasis, dig shafts and tunnels, four strong arms, antennae 3, agile
1
a: Dig, Shaft Self, Upheaval, Renounce Religion


You were on level 12 of the Dungeon.
You worshipped Qazlal.
Qazlal was pleased with you.
You were hungry.

You visited 2 branches of the dungeon, and saw 17 of its levels.
You also visited: Labyrinth.

You collected 1387 gold pieces.
You spent 427 gold pieces at shops.

Inventory:

Hand Weapons
 a - a +1 long sword of flaming
 E - the +8 great sword "Naummich" (weapon) {slice, rC+ Str+4}
   (You acquired it on level 12 of the Dungeon)

   It inflicts extra damage upon your enemies.
   It affects your strength (+4).
   It protects you from cold.
Armour
 c - a +0 shield (worn)
 r - a +0 pair of gloves (worn)
 y - a +0 chain mail
 N - a +2 cloak (worn)
 T - the +1 chain mail of Insatiable Hunger {Regen+ Str+7 Stlth-}
   (You found it in a labyrinth)

   It affects your strength (+7).
   It increases your rate of regeneration.
   It makes you less stealthy.
 V - the +8 chain mail "Yjeank" (worn) {Str+4}
   (You found it in a labyrinth)

   It affects your strength (+4).
Rods
 O - a -1 rod of ignition (10/10)
   (You found it in a labyrinth)
Jewellery
 D - a +2 ring of slaying (right hand)
 L - an uncursed ring of magical power
 U - a +5 ring of dexterity (left hand)
Wands
 d - a wand of confusion (27/48)
 j - a wand of slowing (23/48)
 n - a wand of disintegration (0/24)
 p - a wand of iceblast (0/15)
 B - a wand of disintegration (15/24)
 I - a wand of heal wounds (3/9)
 M - a wand of digging (10/24)
 Q - a wand of acid (11/15)
 S - a wand of iceblast (9/15)
Scrolls
 g - a scroll of identify
 h - 11 scrolls of enchant weapon
 l - 4 scrolls of fog
 s - a scroll of magic mapping
 A - 4 scrolls of noise
 F - 4 scrolls of remove curse
 G - 3 scrolls of recharging
 H - 3 scrolls of enchant armour
 P - a scroll of brand weapon
Potions
 e - a potion of resistance
 i - 3 potions of mutation
 k - 2 potions of brilliance
 q - 3 potions of curing
 t - a potion of cancellation
 x - a potion of ambrosia
 z - 2 potions of heal wounds
 C - 3 potions of cure mutation
 J - a potion of berserk rage
Books
 u - a book of Changes

   Spells                             Type                      Level
   a - Beastly Appendage              Transmutation                1
   b - Sticks to Snakes               Transmutation                2
   c - Spider Form                    Transmutation/Poison         3
   d - Ice Form                       Ice/Transmutation            4
   e - Blade Hands                    Transmutation                5
 w - a book of Debilitation

   Spells                             Type                      Level
   a - Corona                         Hexes                        1
   b - Slow                           Hexes                        2
   c - Gell's Gravitas                Hexes/Translocation          3
   d - Inner Flame                    Hexes/Fire                   3
   e - Cause Fear                     Hexes                        4
   f - Leda's Liquefaction            Hexes/Earth                  4
 R - a book of Power

   Spells                             Type                      Level
   a - Fulminant Prism                Conjuration/Hexes            4
   b - Iskenderun's Mystic Blast      Conjuration                  4
   c - Venom Bolt                     Conjuration/Poison           5
   d - Bolt of Magma                  Conjuration/Fire/Earth       5
   e - Iron Shot                      Conjuration/Earth            6
   f - Orb of Destruction             Conjuration                  7
   g - Spellforged Servitor           Conjuration/Summoning        7
Miscellaneous
 m - a sack of spiders
Comestibles
 b - 21 fruits
 f - 10 bread rations
 o - a slice of pizza
 v - a meat ration
 K - 16 royal jellies
 W - 3 chunks of flesh


   Skills:
 - Level 10.4 Fighting
 - Level 17.0 Long Blades
 - Level 10.4 Armour
 - Level 6.8 Dodging
 + Level 5.5 Shields
 - Level 8.0 Invocations


You had 13 spell levels left.
You didn't know any spells.

Dungeon Overview and Level Annotations

Branches:
Dungeon (12/15)            Temple (0/1) D:7            Lair (5/6) D:9
 Shoals (0/4) Lair:4        Snake (0/4) Lair:3        Slime (0/5) Lair:5
    Orc (0/2) D:12

Altars:
Ashenzari
Cheibriados
Dithmenos
Fedhas
Hepliaklqana
Kikubaaqudgha
Nemelex Xobeh
Okawaru
Qazlal
Ru
Jiyva

Shops:
D:4 ?   D:5 :   D:8 :   D:10 ?

Annotations:
D:12 exclusion: door
Lair:2 Fannar
Lair:5 1 runed door


Innate Abilities, Weirdness & Mutations

You are under a permanent stasis effect.
You can dig through walls and to a lower floor.
Your four strong arms can wield two-handed weapons with a shield.
You have a pair of large antennae on your head. (SInv)
You are agile. (Dex +2)


Message History

You slice the enormous slime creature!!
The enormous slime creature is heavily wounded.
The enormous slime creature hits you!!!
* * * LOW HITPOINT WARNING * * *
Okay, then.
Okay, then.
Evoke which item? (* to show all) (? for menu, Esc to quit)
Zapping:
I - a wand of heal wounds (4/9)
Press: ? - help, Shift-Dir - straight line, f - you, p - enormous slime creature You feel much better.
This wand has 3 charges left.
You block the enormous slime creature's attack.
The warg stops to sniff the ground.
You see here a giant spiked club.
The plant is engulfed in freezing vapours.
The plant is engulfed in freezing vapours.
The plant is engulfed in freezing vapours.
There is a stone staircase leading up here.
The enormous slime creature hits you!!!
Ouch! That really hurt!
You die...

#.......###......#
#.....#..##......#
#....###.#.......#
#.....##.#...<...#
#.....##.'........
#......###.......# ###########
#.....## #......## ....... ..#
#......####....## ####### #.#
#@JC....# #...## # ##.##
#ยงยง....######'## # ##...##
#)...C.P.####..###
#######.....####....h..C...#.....
.......................###.#)....
.######.....###.........##..{....
.#.....#....# ##........####{...)
.#.###.##.#.# #........# ##{...
.#.# #....#)# #........# #.##.


You could see an enormous slime creature, 3 hill giants and a warg.

Vanquished Creatures
  A minotaur (Lab)
  2 hydras
  3 unseen horrors
  5 hill giants
  The ghost of kae the Carver, a novice FoFi of Qazlal (D:6)
  An oklob plant (Lair:5)
  3 cyclopes
  2 manticores (D:11)
  5 black mambas
  6 elephants (Lair:5)
  Maurice (D:11)
  The ghost of Xiguana the Skirmisher, a novice DsCK of Xom (D:5)
  11 spiny frogs
  Psyche (D:9)
  A centaur skeleton (D:11)
  7 komodo dragons
  3 rime drakes
  A troll (D:11)
  A slime creature (D:12)
  A queen bee (Lair:3)
  2 two-headed ogres
  Grinder (D:7)
  Prince Ribbit (D:8)
  5 hippogriffs
  4 polar bears
  11 blink frogs
  4 wyverns
  8 yaks
  5 hungry ghosts
  A basilisk (Lair:4)
  2 vampire mosquitoes (D:12)
  A warg (D:12)
  9 swamp worms (Lair:4)
  A soldier ant (D:12)
  7 porcupines
  11 water moccasins
  5 orc warriors
  A sky beast (D:10)
  6 black bears
  6 necrophages
  8 ogres
  25 wolves
  7 centaurs
  13 crocodiles
  14 bullfrogs
  A scorpion (D:9)
  2 wyvern skeletons
  66 killer bees
  9 wights
  The ghost of Xiguana the Skirmisher, a weakling DsCK of Xom (D:3)
  4 howler monkeys
  2 centaur zombies
  3 bullfrog zombies
  8 crimson imps
  3 orc priests
  A gnoll shaman (D:7)
  5 hounds
  4 jellies
  14 orc wizards
  2 bullfrog skeletons (D:9)
  9 iguanas
  10 worker ants
  3 hound zombies
  A hound skeleton (D:10)
  2 worker ant zombies
  Robin (D:2)
  A howler monkey zombie (D:6)
  5 gnolls (D:7)
  9 adders
  31 river rats
  2 shadow imps
  2 adder skeletons (D:4)
  An adder zombie (D:7)
  12 worms
  7 leopard geckos
  27 orcs
  5 bats
  11 giant cockroaches
  18 goblins
  8 hobgoblins
  10 jackals
  7 quokkas
  3 ball pythons
  8 frilled lizards
  4 kobolds
  A quokka skeleton (D:6)
  7 rats
  A bush (D:11)
  11 fungi
  A plant (Lair:5)
558 creatures vanquished.

Vanquished Creatures (others)
  A bush (D:11)
  11 fungi
  25 plants
37 creatures vanquished.

Grand Total: 595 creatures vanquished

Notes
Turn   | Place    | Note
-------+----------+-------------------------------------------
     0 | D:1      | kae the Formicid Fighter began the quest for the Orb.
     0 | D:1      | Reached XP level 1. HP: 18/18 MP: 1/1
   203 | D:1      | Reached XP level 2. HP: 23/24 MP: 2/2
   258 | D:1      | Reached skill level 3 in Long Blades
   368 | D:1      | Reached XP level 3. HP: 29/29 MP: 3/3
  1817 | D:3      | Reached skill level 4 in Long Blades
  1817 | D:3      | Reached XP level 4. HP: 35/35 MP: 4/4
  1993 | D:3      | Noticed Xiguana's ghost (weakling DsCK)
  2022 | D:3      | Killed Xiguana's ghost
  2022 | D:3      | Reached XP level 5. HP: 41/41 MP: 5/5
  2200 | D:3      | Noticed Robin
  2219 | D:3      | Reached skill level 5 in Long Blades
  2374 | D:2      | Killed Robin
  2779 | D:4      | Reached XP level 6. HP: 27/47 MP: 6/6
  2803 | D:4      | Reached skill level 6 in Long Blades
  3033 | D:4      | Noticed an ogre
  3040 | D:4      | Killed an ogre
  3040 | D:4      | Reached XP level 7. HP: 38/52 MP: 7/7
  3130 | D:4      | Found Giokhene's Magic Scroll Shop.
  3138 | D:4      | Bought a scroll of enchant weapon for 90 gold pieces
  3138 | D:4      | Bought a scroll of identify for 24 gold pieces
  3366 | D:4      | Found an iron altar of Okawaru.
  3398 | D:4      | Reached skill level 7 in Long Blades
  3414 | D:4      | Found a hazy altar of Hepliaklqana.
  3600 | D:5      | Entered Level 5 of the Dungeon
  3602 | D:5      | Noticed Xiguana's ghost (novice DsCK)
  3972 | D:5      | Killed Xiguana's ghost
  3972 | D:5      | Reached skill level 9 in Long Blades
  3972 | D:5      | Reached XP level 8. HP: 58/58 MP: 8/8
  4160 | D:5      | Found Siloxtop's Book Emporium.
  4488 | D:6      | Noticed kae's ghost (novice FoFi)
  4513 | D:6      | Killed kae's ghost
  4513 | D:6      | Reached skill level 10 in Long Blades
  4629 | D:6      | Reached XP level 9. HP: 59/64 MP: 9/9
  4827 | D:6      | Found a stormy altar of Qazlal.
  4839 | D:6      | Noticed Grinder
  4853 | D:6      | Became a worshipper of Qazlal Stormbringer
  5435 | D:7      | Reached skill level 11 in Long Blades
  6200 | D:7      | Reached skill level 12 in Long Blades
  6224 | D:7      | Found a staircase to the Ecumenical Temple.
  6235 | D:7      | Killed Grinder
  6285 | D:7      | Noticed a hippogriff
  6295 | D:7      | Killed a hippogriff
  6295 | D:7      | Reached XP level 10. HP: 28/70 MP: 10/10
  6708 | D:8      | Reached * piety under Qazlal
  6737 | D:8      | Reached skill level 13 in Long Blades
  6780 | D:8      | Noticed Prince Ribbit
  6782 | D:8      | You fall through a shaft!
  7273 | D:8      | Reached skill level 14 in Long Blades
  7463 | D:8      | Killed Prince Ribbit
  7685 | D:8      | Reached ** piety under Qazlal
  8199 | D:8      | Found Enulic's Book Emporium.
  8577 | D:9      | Reached XP level 11. HP: 70/75 MP: 11/11
  8586 | D:9      | Found a snail-covered altar of Cheibriados.
  8592 | D:9      | Found a staircase to the Lair.
  8593 | D:9      | Found an ancient bone altar of Kikubaaqudgha.
  8650 | D:9      | Reached skill level 1 in Invocations
  8678 | D:9      | Reached skill level 15 in Long Blades
  8792 | D:9      | Noticed Psyche
  8814 | D:9      | Killed Psyche
  9408 | D:9      | Found a sacrificial altar of Ru.
  9408 | D:9      | Found a sparkling altar of Nemelex Xobeh.
  9509 | D:9      | Found a shadowy altar of Dithmenos.
  9559 | D:10     | Entered Level 10 of the Dungeon
  9622 | D:10     | Noticed a hill giant
  9859 | D:10     | Noticed an unseen horror
 10014 | D:10     | Found Buing's Magic Scroll Boutique.
 10020 | D:10     | Bought a scroll of identify for 22 gold pieces
 10020 | D:10     | Bought a scroll of identify for 22 gold pieces
 10020 | D:10     | Bought a scroll of identify for 22 gold pieces
 10020 | D:10     | Bought 3 scrolls of enchant weapon for 247 gold pieces
 10054 | D:10     | Noticed a cyclops
 10071 | D:10     | Killed a cyclops
 10244 | D:10     | Killed a hill giant
 10575 | D:10     | Killed an unseen horror
 10575 | D:10     | Reached skill level 5 in Invocations
 10938 | D:10     | Reached skill level 16 in Long Blades
 11260 | Lair:1   | Entered Level 1 of the Lair of Beasts
 11277 | Lair:1   | Reached *** piety under Qazlal
 11490 | Lair:1   | Reached XP level 12. HP: 38/81 MP: 16/16
 11889 | Lair:1   | You fall through a shaft!
 12742 | Lair:2   | Reached skill level 17 in Long Blades
 14245 | Lair:3   | Noticed Fannar
 14251 | Lair:2   | HP: 2/84 [black mamba (8)]
 14572 | Lair:2   | Gained mutation: You are agile. (Dex +2) [potion of beneficial mutation]
 14633 | Lair:3   | Reached skill level 5 in Fighting
 14633 | Lair:3   | Reached skill level 5 in Armour
 14659 | Lair:2   | You fall through a shaft!
 15372 | Lair:3   | Reached XP level 13. HP: 72/93 MP: 19/19
 15672 | Lair:3   | Found a staircase to the Snake Pit.
 17969 | Lair:4   | Found a staircase to the Shoals.
 18825 | Lair:4   | Identified Sif Muna's Catalogue of Bewitching Augmentations
 19811 | Lair:4   | Noticed a five-headed hydra
 19816 | Lair:4   | Killed a two-headed hydra
 20040 | Lair:5   | Found a shattered altar of Ashenzari.
 20782 | Lair:5   | Found a runed door.
 20782 | Lair:5   | Found a viscous altar of Jiyva.
 20783 | Lair:5   | Found a staircase to the Slime Pits.
 20792 | Lair:5   | Got a pair of twisted boots
 20808 | Lair:5   | Identified the cursed +0 pair of boots "Leonisk" {rElec Int+3 Dex-4 SInv} (You found it on level 5 of the Lair of Beasts)
 20999 | Lair:5   | Reached skill level 10 in Fighting
 20999 | Lair:5   | Reached skill level 10 in Armour
 21524 | Lair:5   | Reached XP level 14. HP: 111/111 MP: 15/20
 22096 | D:11     | Reached skill level 1 in Dodging
 22455 | D:11     | Noticed Maurice
 22470 | D:11     | Killed Maurice
 23375 | D:11     | Found a blossoming altar of Fedhas.
 23628 | D:11     | Reached skill level 5 in Dodging
 23759 | D:12     | Found a staircase to the Orcish Mines.
 23876 | D:12     | Found a labyrinth entrance.
 23930 | Lab      | Entered a labyrinth
 24314 | Lab      | Got a fine chain mail
 24314 | Lab      | Got a twisted chain mail
 24357 | D:12     | Identified a scroll of acquirement
 24358 | D:12     | Got a bloodstained great sword
 24366 | D:12     | Identified the +8 great sword "Naummich" {slice, rC+ Str+4} (You acquired it on level 12 of the Dungeon)
 24388 | D:12     | Identified the cursed +1 chain mail of Insatiable Hunger {Regen+ Str+7 Stlth-} (You found it in a labyrinth)
 24388 | D:12     | Identified the +8 chain mail "Yjeank" {Str+4} (You found it in a labyrinth)
 24529 | D:12     | Reached skill level 5 in Shields
 24644 | D:12     | Mangled by an enormous slime creature

Vault maps used:
D:1:      matt_arrival_refuge, minmay_split_cup_large
D:2:      patterned_corridor
D:3:      lemuel_upstairs_altar, first_bread, uniq_robin
D:4:      overflow_temple_1_default, kennysheep_mini_moat, serial_shops, shop,
          minmay_joined_circles
D:5:      serial_shops, nicolae_shop_crystal
D:6:      grunt_qazlal_sundering, uniq_grinder
D:8:      serial_shops, nicolae_shop_crystal, david_nohive_1, minivault_1,
          uniq_prince_ribbit1
D:9:      nicolae_overflow_hidden_temple, gammafunk_temple_overflow_wave,
          dpeg_oklobed_lair, basic_altar, uniq_psyche
D:10:     serial_shops, shop
D:11:     fedhas_altar_decomposition, uniq_maurice
D:12:     giant_chief_lemuel, david_orc_3, lab_entry_generic
Lair:1:   beast_lair_carwin_large_2, infiniplex_staircase_pool
Lair:2:   infiniplex_staircase_pool_2
Lair:3:   dummy_snake_entry, special_room, serial_bayou_shore_a, uniq_fannar
Lair:4:   elwin_shoals_entry_rocks, worms_lemuel
Lair:5:   slime_altar_2, basic_altar, grunt_megastairs_5,
          bh_autumn_forest_stairs, lemuel_fruit_tree, lemuel_fruit_fields
Lab:      nicolae_lab_big_swirl, nicolae_lab_hexagon, nicolae_lab_grate_2,
          nicolae_lab_plus, nicolae_lab_t_cross, nicolae_lab_do_over,
          nicolae_lab_very_dead_end

Skill      XL: |  1  2  3  4  5  6  7  8  9 10 11 12 13 14 |
---------------+-------------------------------------------+-----
Long Blades    | 3 4 5 6 9 10 12 14 16 17 | 17.0
Invocations    | 6 8 |  8.0
Armour         | 6 10 | 10.4
Fighting       | 6 10 | 10.4
Dodging        | 6 |  6.8
Shields        | 5 |  5.5

Action                   |  1- 3 |  4- 6 |  7- 9 | 10-12 | 13-15 || total
-------------------------+-------+-------+-------+-------+-------++-------
Melee: Long sword        |   105 |   177 |   322 |  1064 |   694 ||  2362
       Great sword       |       |       |       |       |    38 ||    38
Invok: Upheaval          |       |       |       |    10 |    28 ||    38
 Abil: Dig               |       |     1 |     5 |     9 |     8 ||    23
       Shaft Self        |       |       |       |     2 |       ||     2
Evoke: Wand              |       |       |       |       |    14 ||    14
  Use: Potion            |       |     1 |     2 |    10 |     1 ||    14
       Scroll            |       |     8 |     5 |    13 |     9 ||    35
 Stab: Invisible         |       |       |     1 |       |       ||     1
  Eat: Chunk             |     2 |     6 |     8 |    20 |    26 ||    62
       Fruit             |       |       |     1 |     2 |       ||     3
       Meat ration       |       |       |     1 |     2 |       ||     3
       Royal jelly       |       |       |     1 |       |     1 ||     2
       Beef jerky        |       |       |       |     2 |     2 ||     4
Armor: Scale mail        |    43 |    80 |    87 |   128 |       ||   338
       Skin              |       |       |    16 |    33 |       ||    49
       Chain mail        |       |       |       |   135 |   154 ||   289
Dodge: Dodged            |    27 |    42 |    58 |   199 |    93 ||   419
Block: Shield            |    47 |    86 |   134 |   532 |   346 ||  1145
